Description

TvZ 1-1-1 Opener BC Rush into Bio

Solid opener vs Zerg. It aims at crippling the economy of a Zerg on 3 bases, allowing you to enter the midgame on equal footing, while applying pressure on them and forcing units them to make units and static defenses instead of drones only.

Replay - CloudM [3/5] TvZ Standart (Furis BO)

Build Order

Get SALT Encoding   

  12  0:00  SCV  
  13  0:13  SCV  
  14  0:17  Supply Depot  
  14  0:25  SCV  
  15  0:39  SCV  
  15  0:41  Barracks  
  16  0:44  Refinery  
  16  0:51  SCV  
  17  1:03  SCV  
  18  1:15  SCV  
  19  1:28  Orbital Command  
  19  1:29  Reaper  
  20  1:43  Command Center  
  20  1:52  Supply Depot  
  20  1:54  SCV  
  21  2:01  Marine  
  22  2:08  Refinery  
  22  2:13  SCV  
  23  2:16  Factory  
  23  2:21  Barracks Reactor  
  23  2:25  SCV  
  24  2:38  SCV  
  25  2:51  SCV  
  25  2:56  Orbital Command  
  26  3:06  Starport  
  26  3:07  Hellion x2  
  26  3:10  Barracks Tech Lab  
  30  3:15  SCV  
  31  3:21  SCV  
  32  3:27  SCV  
  32  3:28  Hellion x2  
  32  3:29  Supply Depot  
  32  3:33  SCV  
  38  3:39  SCV  
  39  3:45  Fusion Core, SCV  
  40  3:49  Hellion x2  
  40  3:53  Viking  
  47  3:55  SCV x2  
  48  4:07  SCV x2  
  48  4:09  Supply Depot  
  54  4:25  Supply Depot  
  54  4:26  SCV x2  
  52  4:35  Battlecruiser  
  58  4:40  Barracks Tech Lab  
  58  4:42  Barracks x2  
  58  4:48  SCV x2  
  60  4:54  Supply Depot x2  
  60  5:00  SCV  
  60  5:05  SCV  
  62  5:11  Stimpack  
  62  5:12  SCV  
  63  5:17  SCV  
  63  5:20  Refinery x2  
  64  5:24  SCV  
  65  5:30  Marine x4  
  69  5:37  Supply Depot  
  69  5:40  SCV x2  
  71  5:47  Battlecruiser  
  77  5:52  SCV  
  77  5:55  Marine x4  
  83  5:57  Factory Reactor  
  83  6:04  SCV  
  83  6:10  Engineering Bay x2  
  84  6:13  Marine, SCV x2  
  86  6:19  Command Center  
  86  6:25  Marine x3  
  86  6:28  SCV  
  90  6:39  Terran Infantry Weapons Level 1, Terran Infantry Armor Level 1  
  90  6:40  SCV x2  
  92  6:53  Barracks x2  
  93  6:55  Marine  
  93  6:57  Factory Reactor  
  93  7:01  Battlecruiser, Marine x2, SCV  
  101  7:03  Supply Depot  
  103  7:13  SCV x2  
  103  7:15  Armory  
  104  7:20  Supply Depot x2  
  104  7:24  Marine x5  
  104  7:25  SCV x2  
  104  7:26  Combat Shield  
  111  7:40  SCV x2  
  111  7:41  Marine x3  
  117  7:48  Refinery x2  
  116  7:52  Orbital Command  
  116  7:55  SCV x2  
  116  7:56  Marine x5  
  123  8:01  Factory Reactor  
  123  8:04  Barracks Reactor  
  123  8:07  SCV x2  
  125  8:19  Starport Reactor, SCV x2  
  127  8:20  Marine x7  
  127  8:21  Factory  
  134  8:30  Terran Vehicle And Ship Armor Level 1  
  134  8:33  SCV x3  
  137  8:38  Marine x3  
  140  8:42  Barracks  
  140  8:45  Factory Tech Lab, SCV  
  141  8:52  Marine x6  
  141  8:54  SCV x2  
  149  9:03  Concussive Shells  
  149  9:21  Supply Depot x4  
  149  9:28  Marine x4  
  149  9:33  Command Center  
  149  9:43  Medivac x2, Marine x8, SCV  
  149  9:45  Siege Tank x2  
  167  9:47  Marauder  
  167  9:49  Marine x2  
Spawning Tool Build Advisor. Get it on Overwolf

Analysis

This build can be hard countered by a Zerg who knows what you're doing. Because you're producing almost only Hellions and very slowly producing a Battlecruiser, you are very vulnerable to some timing attacks from Zerg early on. If Zerg is only macroing, then proceed as planned, but if the reaper scouts aggression coming, then abort the plan and switch to units such as marines, tanks, and banshees to defend vs the tier 1 Zerg unit push. The opener can transition into Bio or Mech from the 1-1-1 opening (in this case it's a Bio play).

Go to:

Details

  • Created by: Furis
  • Published on: May 15, 2020
  • Modified on: May 19, 2020
  • Patch: 4.11.0
Show
View Real Time Build Order
Export as new Build Order

Comments (0)

There are no comments. Be the first!

Create an account to comment!